 Dungeon Crawl Stone Soup version 0.28-a0-793-g31680bbd8b (webtiles) character file.

Game seed: 375593007869750626

14814 ytrimaz the Cleaver (level 11, -14/60 HPs)
             Began as a Demonspawn Fighter on Nov 4, 2021.
             Was a Priest of Makhleb.
             Demolished by a spatial vortex (18 damage)
             ... summoned by a spatial maelstrom
             ... on level 1 of the Abyss.
             The game lasted 00:18:38 (10968 turns).

ytrimaz the Cleaver (Demonspawn Fighter)           Turns: 10968, Time: 00:18:39

Health: -14/60     AC: 18    Str: 30      XL:     11   Next: 93%
Magic:  12/12      EV: 16    Int:  4 (5)  God:    Makhleb [***...]
Gold:   664        SH:  8    Dex:  9      Spells: 10/10 levels left

rFire   . . .      SeeInvis .   q - +6 broad axe "Zeczada" {freeze, rC- rN+ Str+5}
rCold   x . .      Faith    .   c - +0 buckler
rNeg    + . .      Spirit   .   n - +7 chain mail "Ivyzoups" {-Cast Str+3 Slay+5}
rPois   .          Reflect  .   (no helmet)
rElec   .          Harm     .   u - scarf {repulsion}
rCorr   .          Rampage  .   C - +2 pair of gloves
Will    .....      Rage     9%  F - +1 pair of boots
Stlth   .......... Rnd*Tele +   f - amulet of the acrobat
HPRegen 0.00/turn  NoCast   +   G - +6 ring of strength
MPRegen 0.13/turn               g - +4 ring of evasion

@: about to teleport, inhibited regen, repel missiles, unable to read
A: powered by pain 1, sturdy frame 2, condensation shield, weakness stinger 2,
stinger 1, [berserk 3], [clumsy 2], [deformed body], [deterioration 2], [dopey
2], [frail 3], [low mp 2], [screaming 2], [inhibited regeneration],
[teleportitis 2], [weak 2], no potion heal 1[+1], [subdued magic 2], [inability
to read while threatened]
a: Renounce Religion, Minor Destruction, Lesser Servant of Makhleb


You were on level 1 of the Abyss.
You worshipped Makhleb.
Makhleb was most pleased with you.
You visited 2 branches of the dungeon, and saw 13 of its levels.
You visited the Abyss 1 time.

You collected 664 gold pieces.

Inventory:

Hand Weapons
 a - a +0 war axe
 q - the +6 broad axe "Zeczada" (weapon) {freeze, rC- rN+ Str+5}
   (You acquired it on level 8 of the Dungeon)

   It freezes those it strikes, dealing additional cold damage.
   It can also slow down cold-blooded creatures.
   Str:       It affects your strength (+5).
   rC:        It makes you vulnerable to cold.
   rN:        It protects you from negative energy.
 r - a +2 hand axe of draining
 w - a +0 hand axe of venom
 A - a +2 hand axe of freezing
 H - a +0 hand axe of pain
Armour
 b - a +2 ring mail of fire resistance
 c - a +0 buckler (worn)
 j - a +0 plate armour
 n - the +7 chain mail "Ivyzoups" (worn) {-Cast Str+3 Slay+5}
   (You found it on level 6 of the Dungeon)

   Str:       It affects your strength (+3).
   Slay:      It affects your accuracy & damage with ranged weapons and melee
   (+5).
   -Cast:     It prevents spellcasting.
 u - a scarf of repulsion (worn)
 C - a +2 pair of gloves (worn)
 F - a +1 pair of boots (worn)
Jewellery
 d - an amulet of guardian spirit
 f - an amulet of the acrobat (around neck)
 g - a +4 ring of evasion (right hand)
 k - a +6 ring of intelligence
 m - a +6 ring of dexterity
 t - a +4 ring of evasion
 E - a ring of resist corrosion
 G - a +6 ring of strength (left hand)
Wands
 s - a wand of flame (36)
 x - a wand of paralysis (8)
 y - a wand of polymorph (10)
 D - a wand of acid (5)
Scrolls
 e - 2 scrolls of teleportation
 i - a scroll of amnesia
 p - 4 scrolls of noise
 z - a scroll of torment
 B - a scroll of magic mapping
Potions
 h - 3 potions of haste
 l - 2 potions of curing
 o - a potion of berserk rage
 v - 2 potions of attraction


   Skills:
 * Level 8.4 Fighting
 * Level 13.1 Axes
 + Level 5.9 Armour
 * Level 6.3 Dodging
 - Level 4.0 Shields
 * Level 6.4 Invocations


You had 10 spell levels left.
You didn't know any spells.
Your spell library contained the following spells:

 Spells                   Type           Power      Damage    Failure   Level
 Animate Skeleton         Necr           0%         N/A       71%         1
 Pain                     Necr           0%         1d4       71%         1
 Slow                     Hex            0%         N/A       71%         1
 Summon Small Mammal      Summ           0%         N/A       71%         1
 Blink                    Tloc           0%         N/A       85%         2
 Call Imp                 Summ           0%         N/A       85%         2
 Corpse Rot               Necr/Air       0%         N/A       85%         2
 Call Canine Familiar     Summ           0%         N/A       97%         3
 Confusing Touch          Hex            0%         N/A       97%         3
 Gell's Gravitas          Tloc           0%         N/A       97%         3
 Lesser Beckoning         Tloc           0%         N/A       97%         3
 Summon Guardian Golem    Hex/Summ       0%         N/A       97%         3
 Teleport Other           Tloc           0%         N/A       97%         3
 Vampiric Draining        Necr           0%         2d6       97%         3
 Airstrike                Air            0%         N/A       100%        4
 Animate Armour           Summ/Erth      0%         N/A       100%        4
 Dispel Undead            Necr           0%         3d6       100%        4
 Summon Lightning Spire   Summ/Air       0%         N/A       100%        4
 Blade Hands              Tmut           0%         N/A       100%        5
 Lightning Bolt           Conj/Air       0%         1d11      100%        5
 Manifold Assault         Tloc           0%         N/A       100%        5
 Death Channel            Necr           0%         N/A       100%        6
 Iron Shot                Conj/Erth      0%         9d1       100%        6
 Storm Form               Tmut/Air       0%         N/A       100%        7


Dungeon Overview and Level Annotations

Branches:
Dungeon (12/15)            Temple (1/1) D:7            Lair (0/6) D:11
    Orc (0/2) D:9

Altars:
Ashenzari
Cheibriados
Dithmenos
Elyvilon
Fedhas
Gozag
Hepliaklqana
Kikubaaqudgha
Makhleb
Nemelex Xobeh
Okawaru
Qazlal
Ru
Sif Muna
Trog
Uskayaw
Vehumet
Wu Jian
Xom
Yredelemnul
Zin
The Shining One
Beogh

Shops:
D:5 (

Annotations:
D:10 2 transporters
D:11 1 runed translucent door, flotson's ghost, journeyman DsDe
D:12 Psyche


Innate Abilities, Weirdness & Mutations

You sometimes gain a little power by taking damage.
Your movements are less encumbered by armour. (ER -4)
A meltable shield of frost defends you. (SH +4)
You have a tail ending in a sharp stinger.
Your tail ends in a venomous barb.
[You have an uncontrollable temper.]
[You are very clumsy. (Dex -4)]
[Armour fits poorly on your strangely shaped body.]
[Your body often deteriorates upon taking damage.]
[You are very dopey. (Int -4)]
[You are extremely frail. (-30% HP)]
[Your magical capacity is very low. (-20% MP)]
[You frequently scream uncontrollably at your foes.]
[You do not regenerate when monsters are visible.]
[You are sometimes teleported next to monsters.]
[You are very weak. (Str -4)]
[Potions cannot restore your health.]
[Your spells are easier to cast, but less powerful.]
[You sometimes lose the ability to read scrolls when taking damage.]


Message History

Unknown command.
The small abomination hits you but does no damage.
You block the brown ugly thing's attack.
Tentacles burst from the starspawn's body!
You scream at the spatial vortex!
You scream at the starspawn tentacle!
A spatial vortex, a sixfirhy and 2 starspawn tentacles come into view.
Unknown command.
The spatial vortex completely misses you.
The brown ugly thing completely misses you.
The brown ugly thing barely misses you. The spatial vortex closely misses you.
The small abomination hits you but does no damage.
The spatial maelstrom completely misses you. x2
Unknown command.
You barely miss the spatial vortex. You tail-slap the spatial vortex.
The spatial vortex is lightly damaged.
You slash the spatial vortex! You freeze the spatial vortex.
You completely miss the spatial vortex. You barely miss the spatial maelstrom.
You slash the small abomination! You freeze the small abomination.
You closely miss the brown ugly thing. You slash the brown ugly thing!
You freeze the brown ugly thing.
The spatial maelstrom hits you but does no damage.
The spatial maelstrom closely misses you.
The wretched star pulses with an eldritch light!
You feel less energetic. x2
The spatial vortex hits you but does no damage.
The brown ugly thing pecks you but does no damage.
The small abomination closely misses you.
You scream at the spatial vortex! 2 spatial vortices come into view.
You slice the spatial vortex!! You freeze the spatial vortex.
The spatial vortex is heavily damaged.
You slice the brown ugly thing!! You freeze the brown ugly thing.
You hit the small abomination. You freeze the small abomination.
You slash the spatial maelstrom! x2; You slice the spatial vortex!!
You freeze the spatial vortex. You slash the spatial vortex!
You freeze the spatial vortex.
The spatial maelstrom barely misses you.
The spatial maelstrom hits you but does no damage.
The spatial vortex hits you!!
You die...

#....#..#. . #.
#. .#...##
#..####. #####
..#.# .
#.#...##.##u.##
.# ..... ww.v##.
... #.
#..X3.#*u.#.# # .
###*....v# .#.
#vv###.v#..v#...#
#v@uv#..# .....#
##vx###.v. # # #(
###X## .v # .#.
###.#vv# .. .#
#..v.##v# ####
#.##..#.. #..
##..#...v .3
###..##.# .#
.....#


You could see a tentacled starspawn, 2 spatial maelstroms, a wretched star, a
brown ugly thing, 6 spatial vortices, a thrashing horror, a small abomination
and 2 starspawn tentacles.

Vanquished Creatures
  A lorocyproca (Abyss:1)
  A boulder beetle (D:11)
  4 two-headed ogres
  A wretched star (Abyss:1)
  Pikel (D:8)
  A stone giant zombie (Abyss:1)
  A cyclops (D:11)
  An elephant (D:11)
  A smoke demon (Abyss:1)
  3 trolls
  2 shadows
  9 yaks
  A wyvern (D:11)
  A wraith (D:11)
  A black mamba skeleton (Abyss:1)
  2 steam dragons
  3 water moccasins
  Duvessa (D:7)
  A small abomination (Abyss:1)
  3 ice beasts
  2 sky beasts
  An orc warrior (D:9)
  2 black bears (D:11)
  4 necrophages
  6 centaurs
  2 ogres
  A phantom (D:6)
  2 kobold brigands
  3 bullfrogs
  Dowan (D:7)
  A gnoll sergeant (D:10)
  3 scorpions
  A wyvern skeleton (D:7)
  2 water moccasin zombies (D:4)
  A water moccasin skeleton (D:6)
  8 killer bees
  16 wights
  4 howler monkeys
  6 starcursed masses (Abyss:1)
  3 centaur zombies
  A hound (D:4)
  A human zombie (D:4)
  A jelly (D:6)
  Crazy Yiuf (D:7)
  A centaur skeleton (D:6)
  6 orc priests
  A gnoll shaman (D:8)
  An iguana (D:7)
  7 orc wizards
  A scorpion zombie (D:4)
  A killer bee zombie (D:8)
  A hound zombie (D:5)
  A mummy (D:4)
  A howler monkey zombie (D:6)
  Robin (D:2)
  6 adders
  14 gnolls
  A shadow imp (D:5)
  3 ufetubi
  2 adder zombies
  3 dart slugs
  23 orcs
  An endoplasm (D:2)
  4 giant cockroaches
  16 goblins
  8 hobgoblins
  17 kobolds
  4 quokkas
  3 ball pythons
  5 bats
  5 frilled lizards
  7 rats
  A spectral hobgoblin (D:7)
257 creatures vanquished.

Vanquished Creatures (others)
  2 wights (D:8)
  2 fungi (D:11)
  7 plants (D:11)
  5 starspawn tentacles (Abyss:1)
16 creatures vanquished.

Grand Total: 273 creatures vanquished

Notes
Turn   | Place    | Note
-------+----------+-------------------------------------------
     0 | D:1      | ytrimaz the Demonspawn Fighter began the quest for the Orb.
     0 | D:1      | Reached XP level 1. HP: 18/18 MP: 1/1
   234 | D:1      | Gained mutation: Your movements are slightly less
                  | encumbered by armour. (ER -2) [demonic ancestry]
   234 | D:1      | Reached XP level 2. HP: 24/24 MP: 2/2
   435 | D:1      | Reached skill level 2 in Axes
   975 | D:2      | Noticed Robin
   985 | D:2      | Gained mutation: You have a small tail. [demonic ancestry]
   985 | D:2      | Reached XP level 3. HP: 27/29 MP: 3/3
   992 | D:2      | Killed Robin
  1471 | D:2      | Reached skill level 3 in Axes
  1591 | D:2      | Gained mutation: Your movements are less encumbered by
                  | armour. (ER -4) [demonic ancestry]
  1591 | D:2      | Reached XP level 4. HP: 17/35 MP: 4/4
  1932 | D:2      | Found a faded altar of an unknown god.
  2446 | D:3      | Reached skill level 1 in Dodging
  2611 | D:3      | You fall into a shaft and drop 2 floors!
  2611 | D:5      | Entered Level 5 of the Dungeon
  2646 | D:5      | Noticed a sky beast
  2649 | D:5      | Noticed a water moccasin
  2757 | D:4      | Found a large runed translucent door.
  2758 | D:4      | Found a large runed translucent door.
  2842 | D:4      | Noticed an ogre
  2853 | D:4      | Noticed a scorpion
  2887 | D:4      | Gained mutation: You have a tail ending in a sharp stinger.
                  | [demonic ancestry]
  2887 | D:4      | Reached XP level 5. HP: 39/41 MP: 5/5
  2890 | D:4      | Reached skill level 4 in Axes
  2896 | D:4      | Killed an ogre
  2897 | D:4      | Gained mutation: A meltable shield of frost defends you.
                  | (SH +4) [demonic ancestry]
  2897 | D:4      | Reached XP level 6. HP: 45/47 MP: 6/6
  3303 | D:4      | Found a basalt altar of Yredelemnul.
  3371 | D:4      | Reached skill level 5 in Axes
  3393 | D:4      | Gained mutation: You sometimes gain a little power by
                  | taking damage. [demonic ancestry]
  3393 | D:4      | Reached XP level 7. HP: 48/52 MP: 7/7
  3432 | D:4      | Reached skill level 6 in Axes
  3773 | D:4      | Found an ornate altar of the Wu Jian Council.
  3783 | D:4      | Found a shimmering altar of Xom.
  4141 | D:5      | Reached XP level 8. HP: 60/60 MP: 8/8
  4166 | D:5      | Found Ittoarr's Weapon Boutique.
  4353 | D:5      | Reached skill level 7 in Axes
  5078 | D:5      | Found an opulent altar of Gozag.
  5078 | D:5      | Found a sacrificial altar of Ru.
  5079 | D:5      | Found a stormy altar of Qazlal.
  5289 | D:6      | Noticed a +0 hand axe
  5289 | D:6      | Noticed a +0 dagger
  5291 | D:6      | Found a hide-covered altar of Uskayaw.
  5319 | D:6      | Identified the +7 chain mail "Ivyzoups" {-Cast Str+3
                  | Slay+5}
  5354 | D:6      | Found a sparkling altar of Nemelex Xobeh.
  5428 | D:6      | Reached skill level 8 in Axes
  5519 | D:6      | Reached XP level 9. HP: 67/67 MP: 9/9
  5597 | D:6      | Found a broken altar of Ashenzari.
  5896 | D:6      | Reached skill level 5 in Fighting
  5994 | D:7      | Found a staircase to the Ecumenical Temple.
  6029 | D:7      | Reached skill level 9 in Axes
  6042 | Temple   | Entered the Ecumenical Temple
  6280 | Temple   | Became a worshipper of Makhleb the Destroyer
  6416 | D:7      | Reached skill level 1 in Invocations
  6639 | D:7      | Found a hazy altar of Hepliaklqana.
  6782 | D:7      | Reached * piety under Makhleb
  6815 | D:7      | Found a runed translucent door.
  6816 | D:7      | Noticed Crazy Yiuf
  7045 | D:7      | Found a bloodstained altar of Trog.
  7045 | D:7      | Noticed Duvessa
  7053 | D:7      | Killed Duvessa
  7062 | D:7      | Noticed Dowan
  7063 | D:7      | Found a shimmering blue altar of Sif Muna.
  7068 | D:7      | Killed Dowan
  7074 | D:7      | Got Sif Muna's Tome of the Entourage
  7272 | D:7      | Killed Crazy Yiuf
  7526 | D:8      | Reached skill level 10 in Axes
  7612 | D:8      | Noticed Pikel
  7620 | D:8      | Reached XP level 10. HP: 57/76 MP: 12/12
  7633 | D:8      | Killed Pikel
  7645 | D:8      | Identified a scroll of acquirement
  7651 | D:8      | Acquired the +6 broad axe "Zeczada" {freeze, rC- rN+ Str+5}
  8138 | D:9      | Noticed a two-headed ogre
  8147 | D:9      | Killed a two-headed ogre
  8148 | D:9      | Reached skill level 5 in Armour
  8148 | D:9      | Reached skill level 5 in Dodging
  8333 | D:9      | Found a staircase to the Orcish Mines.
  8548 | D:9      | Reached skill level 11 in Axes
  8807 | D:10     | Entered Level 10 of the Dungeon
  8830 | D:10     | Reached ** piety under Makhleb
  8989 | D:10     | Found a transporter.
  8991 | D:10     | Found a transporter.
  8995 | D:10     | Noticed an ogre mage
  8996 | D:10     | Noticed a cyclops
  9032 | D:10     | Reached XP level 11. HP: 84/84 MP: 14/14
  9459 | D:11     | Noticed a two-headed ogre
  9467 | D:11     | Killed a two-headed ogre
  9468 | D:11     | Reached skill level 5 in Invocations
  9519 | D:11     | Noticed Psyche
  9594 | D:11     | Reached skill level 12 in Axes
  9606 | D:11     | Noticed a two-headed ogre
  9616 | D:11     | Killed a two-headed ogre
  9715 | D:11     | Found a runed translucent door.
  9715 | D:11     | Noticed flotson's ghost (journeyman DsDe)
  9746 | D:11     | Found a staircase to the Lair.
  9914 | D:11     | Noticed a two-headed ogre
  9924 | D:11     | Killed a two-headed ogre
 10108 | D:11     | Noticed a boulder beetle
 10134 | D:11     | Killed a boulder beetle
 10422 | D:12     | Cast into level 1 of the Abyss (Psyche)
 10432 | Abyss:1  | Found a corrupted altar of Lugonu.
 10506 | Abyss:1  | Killed a lorocyproca
 10519 | Abyss:1  | Noticed a necromancer
 10563 | Abyss:1  | Reached skill level 13 in Axes
 10664 | Abyss:1  | Noticed a wretched star
 10698 | Abyss:1  | Killed a wretched star
 10698 | Abyss:1  | Reached *** piety under Makhleb
 10701 | Abyss:1  | Gained mutation: [Potions are less effective at restoring
                  | your health.] [potion of mutation]
 10701 | Abyss:1  | Gained mutation: Your tail ends in a venomous barb. [potion
                  | of mutation]
 10765 | Abyss:1  | Noticed a starcursed mass
 10773 | Abyss:1  | Noticed a wretched star
 10778 | Abyss:1  | Killed a starcursed mass
 10783 | Abyss:1  | HP: 3/87 [starcursed mass/accursed screaming (7)]
 10882 | Abyss:1  | Noticed a wretched star
 10898 | Abyss:1  | Noticed a tentacled starspawn
 10920 | Abyss:1  | Noticed a brown ugly thing
 10921 | Abyss:1  | Noticed a brown very ugly thing
 10921 | Abyss:1  | Noticed a brown very ugly thing
 10930 | Abyss:1  | Noticed a brown ugly thing
 10938 | Abyss:1  | Noticed a thrashing horror
 10953 | Abyss:1  | Noticed a spatial maelstrom
 10957 | Abyss:1  | Noticed a spatial maelstrom
 10966 | Abyss:1  | Noticed a sixfirhy
 10968 | Abyss:1  | Demolished by a spatial vortex

Illustrated notes

Levels and vault maps discovered:
D:1:      eino_arrival_tree_alley, layout_basic
D:2:      layout_loops_ring, shapermc_ecumenical_altar_pompeii, serial_rivers,
          chequers_serial_rivers_micro_b, chequers_serial_rivers_large_a,
          chequers_serial_rivers_large_b, chequers_serial_rivers_micro_e,
          uniq_robin
D:3:      layout_loops_corners, minmay_misc_feat_square
D:4:      layout_rooms, lemuel_mausoleum_altar_yredelemnul,
          jmf_multi_god_temple2
D:5:      layout_loops_cross, nicolae_overflow_quartered_altars, serial_glass,
          glass_columns_a, glass_columns_b, serial_shops, nicolae_square_shop
D:6:      layout_loops_ring, nemelex_spade_bored_becter,
          dancing_weapons_uskayaw, cheibrodos_ashenzari_chains,
          solitary_fountain
D:7:      layout_loops_cross, nzn_overflow_gifts_of_might_and_magic,
          nicolae_hepliaklqana_monster_ancestors,
          minmay_temple_entry_drinking_statues, uniq_crazy_yiuf_cottage
D:8:      layout_basic, uniq_pikel
D:9:      layout_gridville, orc_0_dummy
D:10:     gammafunk_beogh_shrine, layout_basic
D:11:     layout_irregular_city, david_lair_generic, hellmonk_ghost_big_iron,
          uniq_psyche
D:12:     layout_loops_cross
Temple:   nicolae_temple_figure_zero
Abyss:1:  base:
Temple

Skill      XL: |  1  2  3  4  5  6  7  8  9 10 11 |
---------------+----------------------------------+-----
Axes           | 2 3 4 5 6 8 10 11 13 | 13.1
Armour         | 3 4 5 |  5.9
Dodging        | 1 2 3 4 5 6 |  6.3
Shields        | 3 4 |  4.0
Fighting       | 4 6 7 8 |  8.4
Invocations    | 2 4 6 |  6.4

Action                   |  1- 3 |  4- 6 |  7- 9 | 10-12 || total
-------------------------+-------+-------+-------+-------++-------
Melee: War axe           |   117 |    74 |   107 |       ||   298
       Tailslap          |     4 |    27 |    64 |    97 ||   192
       Dagger            |       |    31 |       |       ||    31
       Hand axe          |       |       |   199 |   332 ||   531
       Broad axe         |       |       |       |    10 ||    10
       Unarmed           |       |       |       |     3 ||     3
  Use: Scroll            |     3 |     5 |     3 |    13 ||    24
       Potion            |       |     2 |       |    10 ||    12
 Stab: Invisible         |       |     3 |     3 |       ||     6
       Sleeping          |       |       |     3 |       ||     3
Armor: Scale mail        |    56 |    20 |    27 |       ||   103
       Chain mail        |       |       |    37 |    66 ||   103
Dodge: Dodged            |   107 |    92 |   175 |   225 ||   599
       Repelled          |       |       |       |     1 ||     1
Block: Buckler           |    35 |    48 |   143 |   129 ||   355
       Other             |       |       |       |     1 ||     1

Table legend: (Time is in decaauts)
 A = Elapsed time spent in this place.
 B = Non-inter-level travel time spent in this place.
 C = Inter-level travel time spent in this place.
 D = Time resting spent in this place.
 E = Time spent auto-exploring this place.
 F = Levels seen in this place.
 G = Mean time per level.
                   A        B        C        D        E       F      G
               +--------+--------+--------+--------+--------+-----+--------+
         Total |  10947 |  10601 |    346 |   1235 |   7062 |  14 |  781.9 |
       Dungeon |  10194 |   9854 |    340 |    987 |   6857 |  12 |  849.5 |
        Temple |    253 |    247 |      6 |      0 |    194 |   1 |  253.0 |
         Abyss |    499 |    499 |      0 |    248 |     11 |   1 |  499.0 |
               +--------+--------+--------+--------+--------+-----+--------+

Top non-repeatable levels by time:
     D:4: 1438 daAuts
     D:2: 1424 daAuts
     D:5: 1228 daAuts
     D:7: 1176 daAuts
     D:1: 1002 daAuts
    D:11: 881 daAuts
     D:9: 871 daAuts
     D:6: 728 daAuts
    D:10: 632 daAuts
 Abyss:1: 499 daAuts
     D:8: 486 daAuts
     D:3: 275 daAuts
  Temple: 253 daAuts
    D:12: 49 daAuts
